 Dungeon Crawl Stone Soup version 0.27.1-4-g1640c2035a (webtiles) character file.

Game seed: 4309420240683245082

241 deusastra the Skirmisher (level 6, -3/39 HPs)
             Began as a Gargoyle Fighter on Nov 16, 2021.
             Was an Initiate of Gozag.
             Killed from afar by an orc wizard (5 damage)
             ... with a puff of flame
             ... on level 4 of the Dungeon.
             The game lasted 00:10:30 (4126 turns).

deusastra the Skirmisher (Gargoyle Fighter)         Turns: 4126, Time: 00:10:31

Health: -3/39      AC: 12    Str: 21    XL:     6   Next: 8%
Magic:  6/6        EV:  7    Int:  9    God:    Gozag
Gold:   103        SH:  9    Dex:  9    Spells: 5/5 levels left

rFire    . . .     SeeInvis .   a - +0 flail
rCold    . . .     Faith    .   c - +0 kite shield
rNeg     + . .     Spirit   .   b - +0 scale mail
rPois    ∞         Reflect  .   (no helmet)
rElec    +         Harm     .   u - scarf {+Inv}
rCorr    .         Rampage  .   w - +0 pair of gloves
Will     .....                  (no boots)
Stlth    ..........             (no amulet)
HPRegen  0.13/turn              (no ring)
MPRegen  0.10/turn              (no ring)

@: no status effects
A: sickness immunity, AC +4, negative energy resistance 1, electricity
resistance, torment resistance 1, petrification resistance
a: Renounce Religion, Evoke Invisibility, Potion Petition, Call Merchant, Bribe
Branch


You were on level 4 of the Dungeon.
You worshipped Gozag.
Gozag was aware of your devotion.
You visited 1 branch of the dungeon, and saw 5 of its levels.

You collected 123 gold pieces.
You paid 20 gold pieces to Gozag.

Inventory:

Hand Weapons
 a - a +0 flail (weapon)
Missiles
 l - a throwing net (quivered)
 n - 20 sling bullets
Armour
 b - a +0 scale mail (worn)
 c - a +0 kite shield (worn)
 o - a +0 cloak
 u - a scarf of invisibility (worn)
 w - a +0 pair of gloves (worn)
Wands
 t - a wand of mindburst (8)
Scrolls
 e - a scroll of teleportation
 g - 2 scrolls of identify {unknown}
 j - 2 scrolls of blinking {unknown}
 k - a scroll of fog {unknown}
 q - a scroll of torment {unknown}
 s - 3 scrolls of immolation {unknown}
 x - a scroll of magic mapping {unknown}
 y - a scroll of fear {unknown}
Potions
 d - 2 potions of might
 f - 2 potions of curing {unknown}
 h - a potion of invisibility {unknown}
 i - 3 potions of flight {unknown}
 m - a potion of brilliance {unknown}
 p - a potion of degeneration {unknown}
 r - 2 potions of attraction {unknown}
 v - a potion of mutation {unknown}


   Skills:
 * Level 4.7 Fighting
 * Level 3.6 Maces & Flails
 * Level 4.5 Armour
 + Level 4.2 Shields


You had 5 spell levels left.
You didn't know any spells.
Your spell library contained the following spells:

 Spells                   Type           Power      Damage    Failure   Level
 Animate Skeleton         Necr           0%         N/A       99%         1
 Apportation              Tloc           0%         N/A       99%         1
 Corona                   Hex            0%         N/A       99%         1
 Summon Small Mammal      Summ           0%         N/A       99%         1
 Wereblood                Tmut           0%         N/A       100%        2
 Summon Hydra             Summ           0%         N/A       100%        7
 Sublimation of Blood     Necr           Unusable   N/A       N/A         2

Dungeon Overview and Level Annotations

Branches:
Dungeon (5/15)             Temple (0/1) D:4

Altars:
Ashenzari
Gozag
Makhleb
Uskayaw
Wu Jian

Annotations:
D:3 1 runed translucent door, Crazy Yiuf


Innate Abilities, Weirdness & Mutations

You are immune to sickness and miasma.
Your stone body is resilient. (AC +4)
You are immune to poison.
You resist negative energy. (rN+)
You are resistant to electric shocks. (rElec)
You are resistant to unholy torment.
You are immune to petrification.


Message History

You hear some strange, mumbled words.
A magic dart appears from out of thin air!
The magic dart hits you but does no damage.
You completely miss something. Something hits you.
You hear some strange, mumbled words.
You are more confused.
Something hits you.
You hear some strange, mumbled words.
A puff of flame appears from out of thin air!
The puff of flame hits you!
* * * LOW HITPOINT WARNING * * *
You bump into the rock wall.
You hear some strange, mumbled words.
You are more confused.
You bump into the rock wall.
You're too confused to move!
Something hits you but does no damage.
You barely miss something. Something hits you but does no damage.
You hear some strange, mumbled words.
A magic dart appears from out of thin air!
The magic dart hits you.
* * * LOW HITPOINT WARNING * * *
You miss something. Something hits you.
* * * LOW HITPOINT WARNING * * *
You're too confused to move!
Something hits you but does no damage.
You hear some strange, mumbled words.
Something tries to affect you, but you resist.
You miss something.
You feel less confused.
An orc wizard appears from thin air!
Reactivating autopickup.
The orc wizard casts a spell at you. You resist with some effort.
The orc wizard gestures at you while chanting.
The puff of flame misses you.
You closely miss the orc wizard.
The orc wizard is almost dead.
The orc wizard gestures at you while chanting.
The puff of flame hits you.
You die...
Your body crumbles into a pile of gold.

####..###..........# ##.....
##..##..........# #.....
###.##.#....<...# ###.####
########...............# #...#
#
.......................###...#
#
.............#..............##
#
...#########........<...###.#
.### ##..(........###.# ..[#
#.#.@.....#.....# ##.#
#....o...##..#### #.#
###.#.#......#### #.#
##...#.###.....# #.#
###....#.# #####.##
#.#########...#.##.# #..####
#.......#...###$##.### ##....#
#######..............# ####.#
##......<.>....# #..


You could see an orc wizard.

Vanquished Creatures
  Ijyb (D:3)
  An orc wizard (D:3)
  A howler monkey skeleton (D:4)
  10 adders
  An adder skeleton (D:2)
  4 worms
  6 orcs
  10 ball pythons
  A bat (D:3)
  6 endoplasms
  5 giant cockroaches
  5 goblins
  7 hobgoblins
  2 jackals (D:1)
  2 quokkas (D:1)
  4 frilled lizards
  4 kobolds
  3 rats
73 creatures vanquished.

Notes
Turn   | Place    | Note
-------+----------+-------------------------------------------
     0 | D:1      | deusastra the Gargoyle Fighter began the quest for the Orb.
     0 | D:1      | Reached XP level 1. HP: 14/14 MP: 1/1
   347 | D:1      | Reached XP level 2. HP: 19/19 MP: 2/2
   845 | D:2      | Reached XP level 3. HP: 17/23 MP: 3/3
  1068 | D:2      | Reached XP level 4. HP: 23/29 MP: 4/4
  1535 | D:2      | Found an ornate altar of the Wu Jian Council.
  1733 | D:3      | Found a hide-covered altar of Uskayaw.
  1845 | D:3      | Noticed Ijyb
  2217 | D:3      | Killed Ijyb
  2218 | D:3      | Reached XP level 5. HP: 17/33 MP: 5/5
  2405 | D:3      | Found a faded altar of an unknown god.
  2513 | D:3      | Found a runed translucent door.
  2514 | D:3      | Noticed Crazy Yiuf
  2602 | D:3      | Found a broken altar of Ashenzari.
  2659 | D:3      | Found a burning altar of Makhleb.
  3438 | D:4      | Found an opulent altar of Gozag.
  3466 | D:4      | Became a worshipper of Gozag Ym Sagoz the Greedy
  3693 | D:4      | Reached XP level 6. HP: 28/39 MP: 6/6
  3887 | D:4      | Found a staircase to the Ecumenical Temple.
  3933 | D:5      | Entered Level 5 of the Dungeon
  4122 | D:4      | HP: 1/39 [something (1)]
  4126 | D:4      | Killed from afar by an orc wizard

Illustrated notes

Levels and vault maps discovered:
D:1:      lemuel_arrival_rhombus, layout_rooms, columned_hall_lemuel
D:2:      layout_basic, basic_altar, minmay_tetromino_o2
D:3:      wander_river, layout_loops_ring, eat_drink_and_be_merry_uskayaw,
          bloody_makhleb, overflow_temple_1_default,
          chequers_ecumenical_altar_simple, uniq_ijyb, uniq_crazy_yiuf_cottage
D:4:      layout_rooms, mainiacjoe_overflow_concentric_impassable,
          minmay_temple_entry_nine_rooms, minmay_bisected
D:5:      layout_basic, nrook_mini_backslash, minmay_quadrilaterals

Skill      XL: |  1  2  3  4 |
---------------+-------------+-----
Fighting       | 4 |  4.7
Maces & Flails | 3 |  3.6
Armour         | 4 |  4.5
Shields        | 4 |  4.2

Action                   |  1- 3 |  4- 6 || total
-------------------------+-------+-------++-------
Melee: Flail             |    81 |   237 ||   318
  Use: Scroll            |       |     1 ||     1
Armor: Scale mail        |    48 |   141 ||   189
Dodge: Dodged            |    20 |    74 ||    94
Block: Kite shield       |    41 |   129 ||   170
